Map: Dusk Towers

Players

WildCatBrown - Winner!

  • Race: Protoss Protoss

Patillex

  • Race: Terran Terran
  • League: Bronze

VOD

Have the link to the VOD?

Description

Time

  • Played on: Dec. 20, 2015, 9:22 a.m.
  • Length: 15:45
Show
View Real Time Build Order
Export as new Build Order

WildCatBrown Protoss - Winner!

Build Orders: 1 Gate Expand 

Get SALT Encoding   

  12  0:01  Probe (Chrono Boost)  
  13  0:11  Probe (Chrono Boost)  
  14  0:23  Probe (Chrono Boost)  
  14  0:24  Pylon  
  15  0:32  Assimilator  
  15  0:42  Probe (Chrono Boost)  
  16  0:50  Gateway  
  16  0:53  Probe (Chrono Boost)  
  17  1:03  Probe (Chrono Boost)  
  18  1:15  Probe (Chrono Boost)  
  19  1:30  Nexus  
  19  1:33  Probe (Chrono Boost)  
  20  1:44  Probe (Chrono Boost)  
  21  1:58  Cybernetics Core  
  21  2:00  Pylon  
  22  2:04  Probe (Chrono Boost)  
  22  2:15  Probe (Chrono Boost)  
  23  2:18  Assimilator  
  23  2:34  Gateway  
  23  2:36  Probe (Chrono Boost)  
  24  2:37  Gateway  
  24  2:41  Stalker  
  26  2:49  Mothership Core (Chrono Boost)  
  29  2:51  Probe (Chrono Boost)  
  29  3:04  Probe (Chrono Boost)  
  30  3:12  Pylon  
  30  3:15  Probe (Chrono Boost)  
  30  3:17  Probe (Chrono Boost)  
  32  3:20  Stalker  
  32  3:21  Warp Gate (Chrono Boost)  
  32  3:26  Probe  
  35  3:27  Stalker  
  37  3:37  Probe  
  37  3:38  Probe  
  37  3:40  Twilight Council  
  39  3:45  Sentry  
  39  3:47  Probe  
  41  3:50  Probe  
  43  4:04  Probe x2  
  45  4:11  Stalker x3  
  51  4:18  Pylon  
  51  4:22  Pylon  
  51  4:24  Probe  
  51  4:30  Forge  
  52  4:32  Assimilator  
  52  4:35  Probe, Blink (Chrono Boost)  
  53  4:39  Probe, Assimilator  
  54  4:59  Probe x2  
  56  5:09  Probe  
  56  5:11  Probe, Protoss Ground Weapons Level 1 (Chrono Boost)  
  58  5:20  Probe, Pylon  
  58  5:22  Photon Cannon  
  58  5:23  Probe  
  58  5:26  Stalker x3  
  66  5:38  Probe  
  66  5:39  Probe  
  68  5:50  Probe  
  68  5:51  Probe  
  68  5:54  Gateway  
  68  5:55  Gateway  
  70  5:59  Robotics Facility  
  70  6:01  Robotics Facility  
  70  6:02  Probe  
  70  6:03  Stalker x2, Probe  
  76  6:06  Sentry  
  78  6:37  Nexus  
  78  6:41  Assimilator  
  78  6:46  Assimilator  
  78  6:48  Protoss Ground Weapons Level 2 (Chrono Boost)  
  78  6:49  Pylon  
  78  6:52  Pylon  
  78  7:04  Robotics Bay  
  78  7:06  Warp Prism (Chrono Boost)  
  78  7:07  Probe  
  82  7:10  Observer (Chrono Boost)  
  82  7:15  Stalker x2  
  82  7:16  Stalker x3  
  93  7:32  Observer (Chrono Boost)  
  90  7:50  Probe  
  91  8:00  Stalker x2  
  91  8:01  Stalker, Probe  
  91  8:02  Stalker x2  
  100  8:11  Probe  
  100  8:16  Probe  
  102  8:22  Probe  
  103  8:28  Stalker, Probe  
  103  8:32  Probe  
  107  8:35  Photon Cannon  
  107  8:37  Photon Cannon  
  107  8:40  Probe  
  108  8:46  Protoss Ground Armor Level 1  
  108  8:52  Probe  
  109  8:55  Pylon  
  109  9:00  Pylon  
  109  9:04  Pylon  
  109  9:08  Gravitic Drive  
  109  9:14  Immortal (Chrono Boost)  
  117  9:18  Probe  
  117  9:19  Immortal (Chrono Boost)  
  117  9:21  Pylon  
  118  9:25  Pylon  
  118  9:33  Robotics Facility  
  118  9:36  Robotics Facility  
  118  9:49  Nexus  
  118  9:51  Adept x4, Assimilator  
  118  9:52  Adept  
  128  9:56  Assimilator  
  128  9:58  Pylon  
  128  10:01  Pylon  
  128  10:19  Protoss Ground Weapons Level 3  
  116  10:30  Stalker x3  
  116  10:32  Stalker  
  112  10:57  Immortal (Chrono Boost)  
  86  11:19  Stalker x4  
  94  11:29  Probe  
  94  11:33  Disruptor (Chrono Boost)  
  94  11:40  Probe  
  94  11:43  Pylon  
  95  11:47  Pylon  
  95  11:48  Probe  
  95  11:50  Probe  
  97  11:54  Probe  
  97  12:00  Probe  
  97  12:01  Probe  
  99  12:05  Probe  
  101  12:11  Probe, Immortal (Chrono Boost)  
  101  12:12  Probe  
  111  12:15  Probe  
  111  12:17  Immortal (Chrono Boost)  
  112  12:25  Probe  
  113  12:33  Zealot x5  
  113  12:37  Probe  
  124  12:42  Probe  
  125  12:45  Gateway, Warp Prism (Chrono Boost)  
  125  12:47  Gateway  
  127  12:53  Probe  
  128  13:03  Probe  
  133  13:06  Immortal (Chrono Boost)  
  133  13:09  Templar Archives  
  133  13:20  Protoss Ground Armor Level 2  
  133  13:28  Immortal (Chrono Boost)  
  141  13:39  Immortal (Chrono Boost)  
  141  13:40  Immortal (Chrono Boost)  
  149  13:45  Immortal (Chrono Boost)  
  149  13:52  Stalker x2  
  149  13:53  Stalker  
  155  14:02  Immortal (Chrono Boost)  
  149  14:35  Stalker x3  
  149  14:36  Stalker x2  
  159  14:39  Warp Prism (Chrono Boost)  
  159  14:43  Warp Prism x2 (Chrono Boost)  
  148  15:40  High Templar  
  148  15:41  High Templar x4  
Show
View Real Time Build Order
Export as new Build Order

Patillex Terran 

Build Orders: Mech 

Get SALT Encoding   

  12  0:03  SCV  
  13  0:15  SCV  
  14  0:28  SCV  
  15  0:30  Supply Depot  
  15  0:55  Barracks  
  15  0:59  SCV  
  15  1:02  Refinery  
  16  1:06  Refinery  
  16  1:11  SCV  
  17  1:23  SCV  
  18  1:35  SCV  
  19  1:41  Engineering Bay  
  19  1:44  Supply Depot  
  19  1:47  SCV  
  20  1:59  SCV  
  21  2:11  SCV  
  22  2:23  SCV, Missile Turret  
  23  2:35  SCV  
  24  2:41  Factory  
  24  2:48  SCV  
  25  2:55  Missile Turret  
  25  3:00  SCV  
  26  3:07  Missile Turret  
  27  3:25  Barracks  
  27  3:27  Factory Tech Lab  
  26  3:33  Starport  
  26  3:38  Marine  
  27  3:45  Orbital Command  
  27  3:55  Marine  
  28  4:03  Command Center  
  28  4:06  Siege Tank  
  31  4:23  Supply Depot  
  31  4:42  Supply Depot  
  31  4:45  Supply Depot, Marine  
  32  4:57  Barracks Reactor  
  32  5:02  Marine  
  32  5:05  Supply Depot  
  33  5:08  Medivac  
  33  5:09  Supply Depot  
  35  5:15  SCV x2  
  37  5:27  SCV x2  
  39  5:28  Widow Mine  
  39  5:33  Supply Depot  
  39  5:34  Barracks Tech Lab  
  41  5:39  SCV x2  
  43  5:48  Refinery  
  43  5:57  Widow Mine  
  43  5:58  Sensor Tower  
  45  6:13  Refinery  
  45  6:26  Widow Mine  
  45  6:30  Factory  
  47  6:47  SCV x2  
  49  6:59  SCV x2, Starport Reactor  
  51  7:11  SCV x2  
  51  7:14  Factory  
  53  7:23  SCV x2  
  55  7:35  SCV x2  
  55  7:58  Factory Reactor  
  55  8:00  Factory Reactor  
  55  8:01  Medivac x2  
  55  8:03  Siege Tank  
  62  8:08  Marine x3  
  61  8:19  SCV x2  
  63  8:26  Marine x3  
  66  8:31  SCV, Medivac x2  
  71  8:35  Siege Tank  
  74  8:41  Barracks  
  74  8:42  Terran Infantry Weapons Level 1  
  74  8:44  Marine x2  
  74  8:45  Marauder  
  78  8:54  Engineering Bay  
  78  8:59  Armory  
  78  9:06  Marauder  
  78  9:07  Siege Tank  
  83  9:13  SCV  
  84  9:21  Engineering Bay  
  84  9:23  Marine x2  
  86  9:25  SCV  
  86  9:27  Marauder  
  86  9:30  Barracks  
  89  9:39  Siege Tank, Concussive Shells  
  89  9:41  Marine x2  
  94  9:48  Engineering Bay  
  94  10:15  Marine  
  94  10:17  Marine  
  94  10:19  Supply Depot, Marauder  
  76  10:33  Marine  
  76  10:35  Marine  
  54  11:25  Supply Depot  
  54  11:29  SCV  
  54  11:30  SCV  
  56  11:41  SCV  
  56  11:42  SCV  
  58  11:50  Supply Depot  
  58  11:53  SCV  
  59  11:54  SCV  
  60  12:05  SCV, Terran Infantry Weapons Level 2  
  60  12:06  Terran Infantry Armor Level 1, SCV  
  60  12:08  Building Armor  
  62  12:11  Barracks Reactor  
  62  12:17  SCV  
  62  12:19  SCV, Supply Depot  
  62  12:20  Barracks Reactor  
  64  12:28  Thor  
  64  12:29  SCV  
  71  12:35  Barracks  
  71  12:41  SCV  
  71  12:43  Supply Depot, Missile Turret  
  72  12:57  Widow Mine x2  
  76  13:01  Terran Vehicle Weapons Level 1  
  76  13:04  Missile Turret  
  76  13:11  Thor  
  82  13:25  Widow Mine x2  
  86  13:43  Hellion x2  
  90  13:54  Thor, Widow Mine x2  
  100  13:57  Command Center  
  100  14:04  Hellion x2  
  100  14:22  Widow Mine x2  
  99  14:25  Hellion  
  99  14:26  Hellion  
  103  14:36  Thor  
  109  14:47  Hellion  
  87  15:31  SCV x2  
Tags
 
Composition
Mech
League
Bronze
Matchup
PvT
Add a new tag
Caveats
  • Supply blocks, unpowered buildings, or Contaminate may cause inaccurate times.
  • Supply counts are checked every 10 seconds.